 Dungeon Crawl Stone Soup version 0.28-a0-1447-ga5a8893891 (webtiles) character file.

Game seed: 6265849474917111504

352 sasquatch the Ruffian (level 6, 0/32 HPs)
             Began as a Vine Stalker Fighter on Jan 10, 2022.
             Was a Believer of Uskayaw.
             Slain by a quasit (1 damage)
             ... summoned by Eustachio
             ... on level 5 of the Dungeon.
             The game lasted 00:08:15 (5002 turns).

sasquatch the Ruffian (Vine Stalker Fighter)        Turns: 5002, Time: 00:08:16

Health: 0/32       AC:  8    Str: 19      XL:     6   Next: 61%
Magic:  0/7        EV: 10    Int:  8      God:    Uskayaw [**....]
Gold:   268        SH:  0    Dex: 13 (15) Spells: 5/5 levels left

rFire   + . .      SeeInvis .     - Unarmed
rCold   . . .      Faith    .   (no shield)
rNeg    . . .      Spirit   +   a - +0 scale mail
rPois   .          Reflect  .   k - +0 helmet
rElec   .          Harm     .   o - +0 cloak
rCorr   .          Rampage  .   (no gloves)
Will    .....                   (no boots)
Stlth   ..........              (no amulet)
HPRegen 0.90/turn               s - ring of protection from fire
MPRegen 0.10/turn               x - ring of flight

@: flying
A: fangs 2, regeneration 1, magic shield, antimagic bite, no potion heal 2
a: Renounce Religion, Stomp, Line Pass


You were on level 5 of the Dungeon.
You worshipped Uskayaw.
Uskayaw was noncommittal.
You visited 2 branches of the dungeon, and saw 6 of its levels.

You collected 268 gold pieces.

Inventory:

Missiles
 e - 10 poisoned darts (quivered)
 p - 2 throwing nets
 q - 3 boomerangs
 u - 4 atropa-tipped darts
Armour
 a - a +0 scale mail (worn)
 b - a +0 buckler
 i - an orb of guile
 k - a +0 helmet (worn)
 o - a +0 cloak (worn)
Jewellery
 s - a ring of protection from fire (left hand)
 x - a ring of flight (right hand)
 y - a ring of fire
Wands
 n - a wand of flame (26)
Scrolls
 d - 2 scrolls of enchant weapon {unknown}
 h - 3 scrolls of silence {unknown}
 j - 4 scrolls of identify {unknown}
 l - a scroll of magic mapping {unknown}
 w - a scroll of immolation {unknown}
 z - 2 scrolls of teleportation {unknown}
Potions
 c - 2 potions of might
 f - a potion of cancellation {unknown}
 g - a potion of haste {unknown}
 m - 3 potions of curing
 r - 2 potions of heal wounds {unknown}
 t - a potion of degeneration {unknown}
 v - a potion of brilliance {unknown}


   Skills:
 - Level 2.6 Fighting
 - Level 2.4 Armour
 + Level 2.6 Dodging
 - Level 0.8 Stealth
 - Level 2.6 Shields
 * Level 5.7 Unarmed Combat


You had 5 spell levels left.
You didn't know any spells.
Your spell library contained the following spells:

 Spells                   Type           Power      Damage    Failure   Level
 Animate Skeleton         Necr           0%         N/A       78%         1
 Pain                     Necr           0%         1d4       78%         1
 Vampiric Draining        Necr           0%         2d6       98%         3
 Animate Dead             Necr           0%         N/A       100%        4
 Haunt                    Necr/Summ      0%         N/A       100%        7
 Infestation              Necr           0%         N/A       100%        8


Dungeon Overview and Level Annotations

Branches:
Dungeon (5/15)             Temple (1/1) D:4

Altars:
Cheibriados
Dithmenos
Fedhas
Gozag
Hepliaklqana
Makhleb
Nemelex Xobeh
Okawaru
Ru
Trog
Uskayaw
Vehumet
Wu Jian
Xom
Yredelemnul
Zin
The Shining One

Shops:
D:2 *   D:3 (

Annotations:
D:5 Eustachio


Innate Abilities, Weirdness & Mutations

You have extremely sharp teeth.
Your natural rate of healing is unusually fast.
When hurt, damage is shared between your health and your magic reserves.
Your bite disrupts and absorbs the magic of your enemies.
Potions cannot restore your health.


Message History

The quasit claws you but does no damage. x2
Eustachio hits you with a +3 vorpal falchion.
You can now pass through a line of other dancers.
You punch Eustachio!
Eustachio is severely wounded.
The quasit bites you but does no damage.
The quasit claws you but does no damage.
The quasit barely misses you.
Eustachio hits you with a +3 vorpal falchion!
You hit Eustachio. Your bite misses Eustachio.
Eustachio is severely wounded.
The quasit bites you but does no damage.
The quasit claws you but does no damage.
The quasit barely misses you.
Eustachio mumbles some strange words.
Eustachio blinks!
The quasit bites you. The quasit claws you.
You feel clumsy. The quasit barely misses you.
The quasit bites you but does no damage.
The quasit claws you but does no damage. x2
The quasit barely misses you. The quasit claws you.
The quasit barely misses you.
Eustachio hits you with a +3 vorpal falchion!
* * * LOW HITPOINT WARNING * * *
x2 You barely miss Eustachio.
Eustachio is severely wounded.
The quasit closely misses you. x3
You hit Eustachio but do no damage. Your bite misses Eustachio.
Eustachio is severely wounded.
The quasit bites you.
* * * LOW HITPOINT WARNING * * *
You feel clumsy. The quasit barely misses you.
The quasit claws you but does no damage.
Eustachio gestures wildly while chanting.
The quasit bites you.
* * * LOW HITPOINT WARNING * * *
The quasit barely misses you. The quasit claws you.
You die...

###.#.# #?# #.....#
#.#### ###.#.#.#
#.##.. ........#
#.##.# ###.#.#.#
#.##.# #.....# #.##.#
###.###
#########.##.#######.#
....55@@5..(.........#
######################


You could see Eustachio, a quasit (summoned), a crimson imp (summoned) and a
shadow imp (summoned).

Vanquished Creatures
  A water moccasin skeleton (D:4)
  Crazy Yiuf (D:2)
  A bullfrog skeleton (D:4)
  A gnoll shaman (D:4)
  Jessica (D:2)
  A hound zombie (D:5)
  A hound skeleton (D:4)
  2 adders
  5 gnolls
  An ufetubus (D:5)
  A worm (D:3)
  3 dart slugs
  4 orcs (D:3)
  9 endoplasms
  2 giant cockroaches
  8 goblins
  6 hobgoblins
  3 quokkas (D:3)
  8 ball pythons
  3 bats
  4 frilled lizards
  13 kobolds
  5 rats
84 creatures vanquished.

Vanquished Creatures (others)
  3 plants (D:3)
3 creatures vanquished.

Grand Total: 87 creatures vanquished

Notes
Turn   | Place    | Note
-------+----------+-------------------------------------------
     0 | D:1      | sasquatch the Vine Stalker Fighter began the quest for the
                  | Orb.
     0 | D:1      | Reached XP level 1. HP: 11/11 MP: 2/2
    62 | D:1      | Reached XP level 2. HP: 12/16 MP: 1/3
   273 | D:1      | Reached skill level 1 in Dodging
   948 | D:1      | Reached XP level 3. HP: 6/19 MP: 1/4
  1704 | D:2      | Reached skill level 3 in Unarmed Combat
  2302 | D:2      | Found a faded altar of an unknown god.
  2371 | D:2      | Found a runed translucent door.
  2372 | D:2      | Noticed Crazy Yiuf
  2483 | D:2      | Noticed Jessica
  2514 | D:2      | Killed Jessica
  2515 | D:2      | Gained mutation: Your natural rate of healing is unusually
                  | fast. [Vine Stalker growth]
  2515 | D:2      | Reached XP level 4. HP: 11/23 MP: 3/5
  2653 | D:2      | Found Qytof's Assorted Antiques.
  2770 | D:2      | Killed Crazy Yiuf
  2771 | D:2      | Reached skill level 4 in Unarmed Combat
  2771 | D:2      | Reached XP level 5. HP: 13/27 MP: 4/6
  3050 | D:3      | Found a shadowy altar of Dithmenos.
  3151 | D:3      | Found Lidaam's Antique Weapon Shop.
  3788 | D:4      | Reached skill level 5 in Unarmed Combat
  3788 | D:4      | Reached XP level 6. HP: 27/32 MP: 7/7
  4150 | D:4      | Found a staircase to the Ecumenical Temple.
  4208 | Temple   | Entered the Ecumenical Temple
  4392 | Temple   | Became a worshipper of Uskayaw the Reveller
  4438 | D:4      | Reached * piety under Uskayaw
  4711 | D:5      | Entered Level 5 of the Dungeon
  4987 | D:5      | Noticed Eustachio
  4995 | D:5      | Reached ** piety under Uskayaw
  5002 | D:5      | HP: 1/32 [quasit[Eustachio] (1)]
  5002 | D:5      | Slain by a quasit

Illustrated notes

Levels and vault maps discovered:
D:1:      saegor_arrival_simple_c, layout_basic
D:2:      layout_rooms, serial_shops, shop, shapermc_ecumenical_altar_ellora,
          palyth_stone_intersect, kennysheep_generic_room_9, uniq_jessica,
          uniq_crazy_yiuf_cottage
D:3:      layout_basic, nicolae_dithmenos_shadow_blocks, serial_shops,
          nicolae_shop_competitors_out_of_business, st_stairs_11,
          minmay_fountain_box, chequers_big_river, amethyst_killhole,
          serial_bayou_crossing
D:4:      layout_cave_pools, minmay_temple_entry_poolview
D:5:      layout_loops_ring, led_sif_book, uniq_eustachio
Temple:   eino_temple_rhombus

Skill      XL: |  1  2  3  4  5 |
---------------+----------------+-----
Dodging        | 1 2 |  2.6
Unarmed Combat | 3 4 5 |  5.7
Fighting       | |  2.6
Armour         | |  2.4
Stealth        | |  0.8
Shields        | |  2.6

Action                   |  1- 3 |  4- 6 || total
-------------------------+-------+-------++-------
Melee: Unarmed           |   125 |   169 ||   294
       Bite              |    25 |    54 ||    79
       Punch             |       |     6 ||     6
Throw: Dart              |       |     3 ||     3
Armor: Scale mail        |    52 |    73 ||   125
Dodge: Dodged            |    56 |    98 ||   154
Block: Buckler           |     1 |       ||     1

Table legend: (Time is in decaauts)
 A = Elapsed time spent in this place.
 B = Non-inter-level travel time spent in this place.
 C = Inter-level travel time spent in this place.
 D = Time resting spent in this place.
 E = Time spent auto-exploring this place.
 F = Levels seen in this place.
 G = Mean time per level.
                   A        B        C        D        E       F      G
               +--------+--------+--------+--------+--------+-----+--------+
         Total |   4995 |   4763 |    232 |    238 |   3736 |   6 |  832.5 |
       Dungeon |   4800 |   4578 |    222 |    238 |   3598 |   5 |  960.0 |
        Temple |    195 |    185 |     10 |      0 |    138 |   1 |  195.0 |
               +--------+--------+--------+--------+--------+-----+--------+

Top non-repeatable levels by time:
     D:1: 1717 daAuts
     D:2: 1100 daAuts
     D:3: 1017 daAuts
     D:4: 676 daAuts
     D:5: 288 daAuts
  Temple: 195 daAuts
